 Dungeon Crawl Stone Soup version 0.30-a0-297-g0ec75d9ef4 (webtiles) character file.

Game seed: 17961929599940217643

25005 billz999 the Dealer of Despair (level 12, -6/78 HPs)
             Began as a Vampire Earth Elementalist on Oct 19, 2022.
             Was an Elder of Kikubaaqudgha.
             Mangled by a two-headed ogre
             ... wielding a +0 giant spiked club
              (19 damage)
             ... on level 11 of the Dungeon.
             The game lasted 00:57:54 (18372 turns).

billz999 the Dealer of Despair (VpEE)              Turns: 18372, Time: 00:57:54

Health: -6/78      AC:  4    Str:  7    XL:     12   Next: 85%
Magic:  4/20       EV: 13    Int: 21    God:    Kikubaaqudgha [****..]
Gold:   1457       SH:  0    Dex: 18    Spells: 6/22 levels left

rFire   + . .      SeeInvis +    b - staff of earth
rCold   x . .      Faith    .    (no shield)
rNeg    . . .      Spirit   .    J - +0 robe
rPois   +          Reflect  .    (no helmet)
rElec   .          Harm     .    w - scarf {+Inv}
rCorr   +          Rampage  .    m - +1 pair of gloves
Will    +....                    (no boots)
Stlth   +++++.....               (no amulet)
HPRegen 0.53/turn                Z - ring of wizardry
MPRegen 0.17/turn                T - ring of Aruc {Fire rPois rCorr Dex+2}

@: healing quickly
A: alive, fangs 3, see invisible, vampiric 2
a: Exsanguinate, Renounce Religion, Evoke Invisibility, Unearth Wretches


You were on level 11 of the Dungeon.
You worshipped Kikubaaqudgha.
Kikubaaqudgha was greatly pleased with you.
You visited 2 branches of the dungeon, and saw 14 of its levels.
You also visited: Sewer.

You collected 1622 gold pieces.
You spent 165 gold pieces at shops.

Inventory:

Hand Weapons
 a - a +2 dagger of venom
 n - a +0 dagger of draining
 R - a +0 dagger of chaos
Armour
 f - a +0 kite shield
 m - a +1 pair of gloves (worn)
 q - an orb of wrath
 w - a scarf of invisibility (worn)
 J - a +0 robe (worn)
 K - +0 steam dragon scales
 S - a +0 robe of positive energy
Magical Staves
 b - a staff of earth (weapon)
Jewellery
 i - a +4 ring of protection
 z - a ring of resist corrosion
 E - a ring of protection from fire
 Q - a ring of flight
 T - the ring of Aruc (right hand) {Fire rPois rCorr Dex+2}
   (You found it on level 9 of the Dungeon)

   [ring of fire]

   It enhances your fire magic.
   Dex:       It affects your dexterity (+2).
   rF:        It protects you from fire.
   rC:        It makes you vulnerable to cold.
   rPois:     It protects you from poison.
   rCorr:     It protects you from acid and corrosion.
 V - a ring of willpower
 Z - a ring of wizardry (left hand)
Wands
 j - a wand of quicksilver (5)
 o - a wand of digging (2)
 D - a wand of flame (36)
 G - a wand of polymorph (9)
 H - a wand of iceblast (19)
 Y - a wand of charming (1)
Scrolls
 d - 3 scrolls of noise
 h - a scroll of enchant armour
 r - 2 scrolls of summoning
 u - a scroll of fog
 y - 2 scrolls of magic mapping
 B - a scroll of silence
 F - 5 scrolls of teleportation
 M - 2 scrolls of enchant weapon
 O - 6 scrolls of immolation
 P - a scroll of vulnerability
 W - 4 scrolls of identify
Potions
 c - a potion of curing
 e - 2 potions of lignification
 g - a potion of ambrosia {unknown}
 k - 3 potions of cancellation {unknown}
 l - a potion of haste
 p - 3 potions of flight
 s - a potion of brilliance
 t - 3 potions of might
 v - 3 potions of heal wounds
 x - a potion of invisibility {unknown}
 A - 5 potions of mutation
 I - 3 potions of attraction
 L - 2 potions of magic
 U - a potion of berserk rage
 X - a potion of degeneration {unknown}
Miscellaneous
 C - a condenser vane


   Skills:
 + Level 2.0 Fighting
 + Level 4.5 Short Blades
 - Level 2.3 Dodging
 - Level 11.0 Stealth
 - Level 5.6 Spellcasting
 - Level 9.8 Hexes
 - Level 12.8 Necromancy
 - Level 9.6 Transmutations
 - Level 8.1 Earth Magic
 + Level 7.3 Evocations


You had 6 spell levels left.
You knew the following spells:

 Your Spells              Type           Power      Damage    Failure   Level
a - Sandblast             Erth           100%       2d20      1%          1
b - Petrify               Tmut/Erth      59%        N/A       1%          4
c - Borgnjor's Vile Clut  Necr/Erth      32%        N/A       1%          5
d - Death Channel         Necr           28%        N/A       3%          6

Your spell library contained the following spells:

 Spells                   Type           Power      Damage    Failure   Level
 Beastly Appendage        Tmut           92%        N/A       1%          1
 Kiss of Death            Conj/Necr      100%       2d13      1%          1
 Necrotise                Necr           100%       1d9       1%          1
 Cigotuvi's Dreadful Rot  Necr/Pois/Air  46%        N/A       1%          2
 Passwall                 Tmut/Erth      49%        N/A       1%          2
 Wereblood                Tmut           46%        N/A       1%          2
 Portal Projectile        Hex/Tloc       52%        N/A       1%          3
 Spider Form              Tmut/Pois      26%        N/A       1%          3
 Vampiric Draining        Necr           56%        2d10      1%          3
 Anguish                  Hex/Necr       26%        N/A       1%          4
 Dispel Undead            Necr           56%        3d20      1%          4
 Leda's Liquefaction      Hex/Erth       30%        N/A       1%          4
 Agony                    Necr           56%        N/A       1%          5
 Stone Arrow              Conj/Erth      68%        3d11      2%          3
 Yara's Violent Unravell  Hex/Tmut       23%        3d10      2%          5
 Apportation              Tloc           10%        N/A       4%          1
 Call Canine Familiar     Summ           5%         N/A       12%         3
 Alistair's Intoxication  Tmut/Pois      17%        N/A       16%         5
 Enfeeble                 Hex            23%        N/A       50%         7


Dungeon Overview and Level Annotations

Branches:
Dungeon (11/15)            Temple (0/1) D:5            Lair (3/5) D:10
  Swamp (0/4) Lair:2        Sewer (visited)
  Snake: Lair:2-3    Spider: Lair:2-3       Orc: D:9-12

Altars:
Gozag
Kikubaaqudgha
Okawaru
Qazlal
Sif Muna
Trog
Wu Jian

Shops:
D:4 *   D:10 (

Annotations:
D:6 2 transporters, MDMotsinger's ghost, novice OpCj
Lair:2 2 runed translucent doors, Faocaxoob's ghost, journeyman MiBe


Innate Abilities, Weirdness & Mutations

Your natural rate of healing is accelerated.
You have razor-sharp teeth.
You have supernaturally acute eyesight. (SInv)
You are afflicted with vampirism and can become a bat while bloodless.


Message History

The two-headed ogre is moving more slowly.
Your +2 dagger of venom begins to drip with poison!
a - a +2 dagger of venom (weapon)
The two-headed ogre stops moving altogether!
The two-headed ogre is no longer petrified.
The two-headed ogre attacks as you move away!
The two-headed ogre closely misses you. x2
You hit the two-headed ogre but do no damage.
The two-headed ogre is poisoned.
You hit the two-headed ogre but do no damage.
You bite the two-headed ogre.
The two-headed ogre is lightly wounded.
The two-headed ogre barely misses you.
The two-headed ogre hits you with a +0 giant club!!
You barely miss the two-headed ogre.
The two-headed ogre is lightly wounded.
Your +2 dagger of venom stops dripping with poison.
b - a staff of earth (weapon)
The two-headed ogre hits you with a +0 giant spiked club!!
The two-headed ogre hits you but does no damage.
Casting: Petrify (dangerous; 1% risk of failure)
Confirm with . or Enter, or press ? or * to list all spells.
Aiming: Petrify (dangerous; 1% risk of failure)
Press: ? - help, Shift-Dir - straight line, f/p - two-headed ogre
Aim: a two-headed ogre, wielding a +0 giant spiked club and a +0 giant club (lightly wounded, very poisoned, chance to affect: 59%)
You feel a surge of power!
The two-headed ogre resists with significant effort.
Unknown command.
Casting: Petrify (dangerous; 1% risk of failure)
Confirm with . or Enter, or press ? or * to list all spells.
Aiming: Petrify (dangerous; 1% risk of failure)
Press: ? - help, Shift-Dir - straight line, f/p - two-headed ogre
Aim: a two-headed ogre, wielding a +0 giant spiked club and a +0 giant club (lightly wounded, very poisoned, chance to affect: 59%)
You feel a surge of power!
The two-headed ogre is moving more slowly.
The two-headed ogre hits you with a +0 giant spiked club!!
* * * LOW HITPOINT WARNING * * *
The two-headed ogre hits you with a +0 giant club!!
You die...
Kikubaaqudgha rasps: "You have failed me!
Welcome... death!"

#.# #.### #.## #.# #..#
###'###########
#####'####.........<...#
........##.............#
........##.............#
........##.............#
..O....................#
<.......#......O@......#
........#........[.....#
#####'###..............#
###.# ##.............#
##...# ##########'####
##..### #.....# #..##
######'###### ..##
###...........#
'#######.'...........#


You could see a two-headed ogre (petrifying, very poisoned).

Vanquished Creatures
  A hydra (Lair:2)
  A boulder beetle (Lair:3)
  4 two-headed ogres
  Urug (D:11)
  Amaemon (Lair:2)
  Lodul (D:10)
  2 black mambas
  4 elephants (Lair:1)
  5 cane toads
  An orange demon (Lair:2)
  A gargoyle (D:11)
  Psyche (D:8)
  4 komodo dragons
  2 tengu conjurers (D:11)
  4 trolls
  A hornet (Lair:2)
  A tyrant leech (Lair:2)
  4 slime creatures (D:10)
  A wraith (D:11)
  23 yaks
  2 wyverns
  4 steam dragons
  An acid dragon (D:11)
  4 swamp worms (Lair:2)
  2 wargs (D:10)
  7 water moccasins
  6 orc warriors
  5 sky beasts
  2 black bears
  13 ogres
  9 wolves
  A centaur (D:9)
  2 phantoms
  3 kobold brigands
  2 bullfrogs
  A scorpion (D:6)
  A necrophage (D:7)
  A gnoll sergeant (D:8)
  A wight (D:8)
  16 killer bees
  5 howler monkeys
  9 orc priests
  A hound (D:6)
  2 jellies
  A gnoll bouda (D:7)
  Jessica (D:2)
  Natasha (twice) (D:2)
  4 iguanas
  7 orc wizards
  3 adders
  9 gnolls
  3 white imps
  An ufetubus (D:5)
  5 worms
  A dart slug (D:4)
  39 orcs
  8 ball pythons
  4 bats
  8 endoplasms
  9 giant cockroaches
  8 hobgoblins
  10 jackals
  A quokka (D:3)
  3 frilled lizards
  4 goblins
  19 kobolds
  3 rats
316 creatures vanquished.

Vanquished Creatures (collateral kills)
  A troll (D:11)
  A yak (Lair:2)
  A quokka (D:4)
3 creatures vanquished.

Vanquished Creatures (others)
  14 fungi
  15 plants
29 creatures vanquished.

Grand Total: 348 creatures vanquished

Notes
Turn   | Place    | Note
-------+----------+-------------------------------------------
     0 | D:1      | billz999 the Vampire Earth Elementalist began the quest for
                  | the Orb.
     0 | D:1      | Reached XP level 1. HP: 13/13 MP: 3/3
   232 | D:1      | Reached XP level 2. HP: 19/19 MP: 1/5
   671 | D:1      | Gained mutation: You are afflicted with vampirism and can
                  | become a bat while bloodless. [Vampire growth]
   671 | D:1      | Reached XP level 3. HP: 24/24 MP: 4/6
  1185 | D:2      | Reached skill level 5 in Stealth
  1288 | D:2      | Noticed Natasha
  1293 | D:2      | Killed Natasha
  1294 | D:2      | Reached XP level 4. HP: 30/30 MP: 3/7
  1682 | D:2      | Noticed Natasha
  1686 | D:2      | Killed Natasha
  1751 | D:2      | Noticed Jessica
  1755 | D:2      | Killed Jessica
  1756 | D:2      | Reached XP level 5. HP: 25/35 MP: 3/8
  1954 | D:3      | Found a faded altar of an unknown god.
  3013 | D:4      | Found a glowing drain.
  3034 | Sewer    | Entered a sewer
  3180 | Sewer    | Noticed a water moccasin
  3190 | Sewer    | Killed a water moccasin
  3191 | Sewer    | Reached skill level 5 in Transmutations
  3191 | Sewer    | Reached XP level 6. HP: 23/41 MP: 4/9
  3572 | D:4      | Found Orraucap's Neck Hole.
  3580 | D:4      | Bought a scarf of invisibility for 120 gold pieces
  3580 | D:4      | Bought a +0 cloak for 45 gold pieces
  3597 | D:4      | Found an ancient bone altar of Kikubaaqudgha.
  3605 | D:4      | Became a worshipper of Kikubaaqudgha
  3702 | D:4      | Learned a level 4 spell: Petrify
  4337 | D:5      | Entered Level 5 of the Dungeon
  4371 | D:5      | Found a staircase to the Ecumenical Temple.
  4525 | D:5      | Reached skill level 1 in Evocations
  4603 | D:5      | Reached XP level 7. HP: 34/46 MP: 0/10
  5270 | D:6      | Found a transporter.
  5573 | D:6      | Reached XP level 8. HP: 42/52 MP: 3/12
  5670 | D:6      | Identified the +0 ring mail of the Leaf {Harm Fly rCorr
                  | Str-3}
  5683 | D:6      | Learned a level 5 spell: Yara's Violent Unravelling
  5718 | D:6      | Found a transporter.
  5750 | D:6      | Reached * piety under Kikubaaqudgha
  5750 | D:6      | Received a gift from Kikubaaqudgha
  5751 | D:6      | Reached skill level 1 in Hexes
  6270 | D:6      | Noticed MDMotsinger's ghost (novice OpCj)
  6528 | D:7      | Reached XP level 9. HP: 50/57 MP: 3/14
  6538 | D:7      | Noticed a two-headed ogre
  6802 | D:7      | Reached skill level 5 in Hexes
  7372 | D:7      | Reached skill level 5 in Evocations
  7424 | D:7      | Reached skill level 5 in Earth Magic
  7892 | D:8      | Reached ** piety under Kikubaaqudgha
  8097 | D:8      | Noticed a two-headed ogre
  8105 | D:8      | Found an opulent altar of Gozag.
  8124 | D:8      | Killed a two-headed ogre
  8125 | D:8      | Reached skill level 10 in Stealth
  8502 | D:8      | Reached XP level 10. HP: 25/63 MP: 3/17
  8704 | D:8      | Found an ornate altar of the Wu Jian Council.
  8866 | D:7      | Killed a two-headed ogre
  9017 | D:8      | Found a bloodstained altar of Trog.
  9018 | D:8      | Found an iron altar of Okawaru.
  9218 | D:8      | Noticed Psyche
  9435 | D:8      | Killed Psyche
  9453 | D:8      | Reached skill level 5 in Spellcasting
  9568 | D:9      | Noticed a two-headed ogre
  9580 | D:9      | Killed a two-headed ogre
  9581 | D:9      | Reached skill level 1 in Short Blades
 10117 | D:9      | Identified the ring of Aruc {Fire rPois rCorr Dex+2}
 10127 | D:9      | Found a shimmering blue altar of Sif Muna.
 10288 | D:9      | Identified the +4 hand axe "Hafuj" {holy, Str+2 Int+2}
 10367 | D:9      | Found a stormy altar of Qazlal.
 10638 | D:10     | Entered Level 10 of the Dungeon
 10733 | D:10     | Reached *** piety under Kikubaaqudgha
 10733 | D:10     | Received a gift from Kikubaaqudgha
 11370 | D:11     | Noticed a gargoyle
 11385 | D:11     | Killed a gargoyle
 11386 | D:11     | Reached skill level 1 in Necromancy
 11386 | D:11     | Reached XP level 11. HP: 42/68 MP: 16/18
 11468 | D:11     | Reached skill level 2 in Necromancy
 11536 | D:11     | Noticed Urug
 11541 | D:11     | Noticed a two-headed ogre
 11548 | D:11     | Killed Urug
 11549 | D:11     | Reached skill level 3 in Necromancy
 11708 | D:10     | Reached skill level 4 in Necromancy
 11733 | D:10     | Found Lygeet's Weapon Emporium.
 11924 | D:10     | Reached skill level 5 in Necromancy
 12006 | D:10     | Learned a level 6 spell: Death Channel
 12047 | D:10     | Noticed a two-headed ogre
 12058 | D:10     | Killed a two-headed ogre
 12059 | D:10     | Reached skill level 6 in Necromancy
 12116 | D:10     | Noticed Lodul
 12157 | D:10     | Killed Lodul
 12183 | D:10     | Reached skill level 7 in Necromancy
 12204 | D:10     | Reached **** piety under Kikubaaqudgha
 12541 | D:10     | Found a staircase to the Lair.
 12667 | D:10     | Reached skill level 8 in Necromancy
 13415 | D:10     | Learned a level 5 spell: Borgnjor's Vile Clutch
 13432 | D:10     | Reached skill level 9 in Necromancy
 13619 | Lair:1   | Entered Level 1 of the Lair of Beasts
 14729 | Lair:1   | Reached skill level 10 in Necromancy
 14742 | Lair:1   | Reached XP level 12. HP: 30/74 MP: 1/20
 15392 | Lair:1   | Reached skill level 11 in Necromancy
 15852 | Lair:2   | Found a large runed translucent door.
 15855 | Lair:2   | Found a large runed translucent door.
 15857 | Lair:2   | Noticed Faocaxoob's ghost (journeyman MiBe)
 16107 | Lair:2   | Noticed Amaemon
 16391 | Lair:2   | Killed Amaemon
 16757 | Lair:2   | Found a staircase to the Swamp.
 16811 | Lair:2   | Reached skill level 12 in Necromancy
 17073 | Lair:2   | Noticed a five-headed hydra
 17084 | Lair:2   | Killed a five-headed hydra
 17330 | Lair:3   | Noticed a boulder beetle
 17341 | Lair:3   | Killed a boulder beetle
 17837 | D:11     | Reached skill level 1 in Fighting
 18372 | D:11     | Mangled by a two-headed ogre

Illustrated notes

Levels and vault maps discovered:
D:1:      minmay_arrival_glassed_features, layout_loops_ring, st_stairs_8
D:2:      minmay_angry_zag, layout_basic, uniq_natasha, uniq_jessica
D:3:      layout_basic, ebering_ecumenical_altar_webs, minmay_quantized
D:4:      layout_rooms, kiku_gazebo_garden_becter, serial_co_window_serial,
          co_window_corner_a, co_window_of_opportunity_a, co_window_corner_a,
          co_window_paths_a, co_window_corner_a, co_window_of_opportunity_b,
          co_window_cross_3, co_window_2corner, co_window_corner_ca,
          co_window_2corner, co_window_unsneaky_path_b, glass_columns_b,
          portal_sewer_entry_a, roderic_roman_lattice, serial_bayou_pond_e,
          grunt_decor_one_mirror, nicolae_shop_sticking_my_neck_out
D:5:      layout_basic, mainiacjoe_overflow_24_doors,
          minmay_temple_entry_drinking_statues
D:6:      layout_rooms, gammafunk_ghost_gnarly_gnolls,
          hangedman_abyss_or_decor_stagger
D:7:      layout_loops_ring, hangedman_misty_isle
D:8:      nicolae_cairo_tiling_very_big, layout_basic, grunt_gozag_breadcrumbs,
          grunt_temple_overflow_bloody_war, nzn_wu_jian_council_hall,
          st_stairs_13, nrook_campfire, uniq_psyche
D:9:      layout_stronghold, mainiacjoe_overflow_alcove_1,
          nicolae_qazlal_eye_of_the_storm, enter_bailey_2
D:10:     layout_gridville, erik_lair_orcish_takeover, serial_co_window_serial,
          co_window_paths_a, co_window_of_opportunity_a, co_window_paths_a,
          co_window_paths_b, co_window_of_opportunity_a, co_window_corner_a,
          co_window_paths_a, co_window_unsneaky_path_c, co_window_corner_b,
          co_window_broadway_b, co_window_corner_cb, co_window_corner_ca,
          co_window_unsneaky_path_c, co_window_paths_d, glass_columns_a,
          glass_columns_b, serial_shops, nicolae_shop_bloodbath_and_beyond,
          uniq_lodul
D:11:     layout_roguey [special_room_orc], interstate_on_off,
          grunt_ministairs_11, lemuel_flamethrower_1, uniq_urug
Lair:1:   layout_layer_cave, chequers_serial_rivers_small_3
Lair:2:   layout_loops_ring, minmay_swamp_entry_worms,
          ebering_ghost_disaster_area, grunt_megastairs_3, uniq_amaemon
Lair:3:   lemuel_ratsnest, layout_loops_ring, nicolae_spider_entry_orb_guardian,
          minmay_lindwurm_lava, serial_bayou_shore_b

Skill      XL: |  1  2  3  4  5  6  7  8  9 10 11 12 |
---------------+-------------------------------------+-----
Stealth        | 4 5 6 7 8 9 10 11 | 11.0
Transmutations | 2 3 5 6 7 8 9 |  9.6
Evocations     | 1 3 4 5 7 |  7.3
Spellcasting   | 3 4 5 |  5.6
Earth Magic    | 4 5 6 8 |  8.1
Hexes          | 4 7 9 |  9.8
Short Blades   | 3 4 |  4.5
Necromancy     | 1 10 12 | 12.8
Fighting       | 2 |  2.0
Dodging        | |  2.3

Action                   |  1- 3 |  4- 6 |  7- 9 | 10-12 || total
-------------------------+-------+-------+-------+-------++-------
Melee: Club              |     2 |       |       |       ||     2
       Dagger            |       |    17 |    94 |   207 ||   318
       Bite              |       |     1 |    23 |    43 ||    67
       Staff             |       |       |    14 |     6 ||    20
       Punch             |       |       |       |     4 ||     4
 Cast: Sandblast         |    48 |   102 |   101 |    87 ||   338
       Petrify           |       |       |    31 |   122 ||   153
       Borgnjor's Vile C |       |       |       |    24 ||    24
       Death Channel     |       |       |       |     6 ||     6
Evoke: Wand              |       |     1 |     9 |    24 ||    34
       Condenser vane    |       |       |       |     1 ||     1
  Use: Scroll            |       |     2 |       |    23 ||    25
       Potion            |       |       |     5 |     6 ||    11
 Stab: Sleeping          |       |     7 |     4 |     1 ||    12
       Petrified         |       |       |    35 |   106 ||   141
       Petrifying        |       |       |     8 |    19 ||    27
Armor: Robe              |     3 |    25 |    62 |    50 ||   140
       Skin              |       |       |     4 |       ||     4
Dodge: Dodged            |    16 |    62 |   128 |   122 ||   328

Table legend: (Time is in decaauts)
 A = Elapsed time spent in this place.
 B = Non-inter-level travel time spent in this place.
 C = Inter-level travel time spent in this place.
 D = Time resting spent in this place.
 E = Time spent auto-exploring this place.
 F = Levels seen in this place.
 G = Mean time per level.
                   A        B        C        D        E       F      G
               +--------+--------+--------+--------+--------+-----+--------+
         Total |  18429 |  17421 |   1008 |   2172 |  12659 |  15 | 1228.6 |
       Dungeon |  14013 |  13239 |    774 |   1280 |   9868 |  11 | 1273.9 |
          Lair |   4122 |   3888 |    234 |    855 |   2589 |   3 | 1374.0 |
         Sewer |    293 |    293 |      0 |     37 |    202 |   1 |  293.0 |
               +--------+--------+--------+--------+--------+-----+--------+

Top non-repeatable levels by time:
  Lair:1: 2247 daAuts
    D:10: 2202 daAuts
     D:8: 1553 daAuts
  Lair:2: 1482 daAuts
     D:7: 1363 daAuts
    D:11: 1353 daAuts
     D:5: 1189 daAuts
     D:4: 1173 daAuts
     D:6: 1154 daAuts
     D:9: 1072 daAuts
     D:3: 1057 daAuts
     D:1: 1038 daAuts
     D:2: 854 daAuts
  Lair:3: 393 daAuts
   Sewer: 293 daAuts
